 Dungeon Crawl Stone Soup version 0.19.0-2-gae57169 (webtiles) character file.

75 Millan the Bolt Thrower (level 4, 0/27 HPs)
             Began as a Kobold Hunter on Nov 3, 2016.
             Slain by a water moccasin zombie (3 damage)
             ... in an ossuary.
             The game lasted 00:26:43 (3282 turns).

Millan the Bolt Thrower (Kobold Hunter)             Turns: 3282, Time: 00:26:44

Health: 0/27       AC:  4    Str:  9    XL:     4   Next: 55%
Magic:  4/4        EV: 15    Int: 12    God:
Gold:   85         SH:  0    Dex: 16    Spells: 0 memorised, 3 levels left

rFire  . . .     SeeInvis .     s - -3 spear (curse)
rCold  . . .     Gourm    .     c - +1 leather armour
rNeg   . . .     Faith    .     (shield restricted)
rPois  .         Spirit   .     (no helmet)
rElec  .         Reflect  .     (no cloak)
rCorr  .         Harm     .     (no gloves)
MR     .....                    (no boots)
Stlth  ++........               (no amulet)
                                (no ring)
                                (no ring)

@: no status effects
A: carnivore 3
a: no special abilities


You were in an ossuary.
You were completely stuffed.

You visited 1 branch of the dungeon, and saw 4 of its levels.
You also visited: Ossuary.

You collected 85 gold pieces.

Inventory:

Hand Weapons
 a - a +1 hand crossbow
 b - a +0 short sword
 h - a +0 hand axe of chopping
 q - a +0 whip
 s - a cursed -3 spear (weapon)
Missiles
 d - 15 bolts
 l - 18 arrows
 p - 16 poisoned needles
Armour
 c - a +1 leather armour (worn)
 t - a +0 robe
Scrolls
 i - 3 scrolls of identify
Potions
 k - 2 potions of brilliance {unknown}
 m - 3 potions of curing {unknown}
 n - 2 potions of agility {unknown}
 o - a potion of magic
Comestibles
 f - 3 meat rations
 r - a bread ration
 u - 2 fruits


   Skills:
 + Level 2.8 Fighting
 + Level 1.0 Short Blades
 + Level 0.1 Polearms
 + Level 5.8 Crossbows
 + Level 1.0 Armour
 + Level 2.8 Dodging
 + Level 1.5 Stealth


You had 3 spell levels left.
You didn't know any spells.

Dungeon Overview and Level Annotations

Branches:
Dungeon (4/15)
 Temple: D:4-7

Altars:
Cheibriados
Gozag
Makhleb


Innate Abilities, Weirdness & Mutations

You are small and have problems with some larger weapons.
You are carnivorous and can eat meat at any time.


Message History

Really walk into that arrow trap? [Y]es or [N]o only, please.
Really walk into that arrow trap?
Okay, then.
An arrow shoots out and hits you!
There is an arrow trap here.
An arrow shoots out and hits you!
There is an arrow trap here.
You open the door. 8 zombies come into view.
There isn't anything here!
An arrow shoots out and hits you!
* * * LOW HITPOINT WARNING * * *
An arrow misses the water moccasin zombie!
There is an arrow trap here.
An arrow hits the water moccasin zombie!
An arrow hits the hobgoblin zombie!
An arrow hits the water moccasin zombie!
The water moccasin zombie bites you.
You die... #...# #.Z.# ZZZ#

Z.# ###Z#
#.Z^#
##########.^^#
#!!!!#...#..Z#
+!$$!#.∩.'..@#
#!??!#...#..∩#
##############


You could see a water moccasin zombie, a hobgoblin zombie, a gnoll zombie, 3
kobold zombies and an orc zombie.

Vanquished Creatures
  2 adders (D:2)
  2 dart slugs
  2 leopard geckos
  3 orcs (D:3)
  2 giant cockroaches (D:1)
  2 goblins
  4 hobgoblins
  4 jackals (D:2)
  11 bats
  4 frilled lizards
  5 kobolds
  5 rats
46 creatures vanquished.

Notes
Turn   | Place    | Note
-------+----------+-------------------------------------------
     0 | D:1      | Millan the Kobold Hunter began the quest for the Orb.
     0 | D:1      | Reached XP level 1. HP: 12/12 MP: 1/1
   137 | D:1      | Reached skill level 5 in Crossbows
   263 | D:1      | Reached XP level 2. HP: 17/17 MP: 2/2
  1334 | D:2      | Reached XP level 3. HP: 22/22 MP: 3/3
  1447 | D:2      | Reached skill level 1 in Short Blades
  1574 | D:2      | Reached XP level 4. HP: 16/27 MP: 4/4
  1647 | D:2      | Found a burning altar of Makhleb.
  1647 | D:2      | Found a snail-covered altar of Cheibriados.
  1659 | D:2      | Found an opulent altar of Gozag.
  2505 | D:3      | Reached skill level 1 in Armour
  2971 | D:4      | Found a sand-covered staircase.
  2976 | Ossuary  | Entered an ossuary
  3282 | Ossuary  | Slain by a water moccasin zombie

Skill      XL: |  1  2  3  4 |
---------------+-------------+-----
Crossbows      | 5 |  5.8
Short Blades   | 1 |  1.0
Armour         | 1 |  1.0
Fighting       | |  2.8
Polearms       | |  0.1
Dodging        | |  2.8
Stealth        | |  1.5

Action                   |  1- 3 |  4- 6 || total
-------------------------+-------+-------++-------
Melee: Short sword       |    35 |       ||    35
       Hand crossbow     |     1 |       ||     1
       Spear             |    53 |   158 ||   211
 Fire: Hand crossbow     |    26 |       ||    26
  Use: Scroll            |     4 |     3 ||     7
       Potion            |     2 |     1 ||     3
 Stab: Sleeping          |     1 |     1 ||     2
  Eat: Chunk             |     8 |     1 ||     9
       Meat ration       |       |     1 ||     1
       Pizza             |       |     1 ||     1
Armor: Leather armour    |    35 |    73 ||   108
Dodge: Dodged            |   130 |   215 ||   345
